 Dungeon Crawl Stone Soup version 0.27.0-1-g7a089689b8 (webtiles) character file.

Game seed: 1872694049410572046

762 snetch the Cudgeller (level 8, -4/53 HPs)
             Began as a Djinni Fire Elementalist on Aug 4, 2021.
             Was a Believer of Trog.
             Slain by a yak (12 damage)
             ... on level 5 of the Dungeon.
             The game lasted 00:09:40 (3792 turns).

snetch the Cudgeller (Djinni Fire Elementalist)     Turns: 3792, Time: 00:09:41

Health: -4/53      AC:  6    Str:  8    XL:     8   Next: 8%
Gold:   161        EV: 11    Int: 18    God:    Trog [**....] SH:  0 Dex: 20

rFire    + + .     SeeInvis .   a - +1 flail (protect)
rCold    x . .     Faith    .   (no shield)
rNeg     . . .     Spirit   .   c - +0 ring mail
rPois    ∞         Reflect  .   r - +0 hat
rElec    .         Harm     .   (no cloak)
rCorr    .         Rampage  .   u - +0 pair of gloves
Will     .....                  (boots unavailable)
Stlth    ++........             h - amulet of regeneration
HPRegen  1.17/turn              s - +6 ring of dexterity
MPRegen  0.00/turn              (no ring)

@: on berserk cooldown, flying, slowed, very slow
A: sickness immunity, fire resistance 2, cold vulnerability 1, float, innate
caster, hp casting, extra vitality 1
a: Renounce Religion, Berserk, Trog's Hand


You were on level 5 of the Dungeon.
You worshipped Trog.
Trog was pleased with you.
You visited 1 branch of the dungeon, and saw 5 of its levels.

You collected 161 gold pieces.

Inventory:

Hand Weapons
 a - a +1 flail of protection (weapon)
 b - a +0 vorpal hand axe
Missiles
 m - 4 javelins
 w - 2 poisoned darts (quivered)
 x - 115 stones
 B - 32 bolts
Armour
 c - a +0 ring mail (worn)
 k - a +0 scale mail
 r - a +0 hat (worn)
 u - a +0 pair of gloves (worn)
 y - a +0 chain mail
Jewellery
 h - an amulet of regeneration (around neck)
 s - a +6 ring of dexterity (left hand)
Scrolls
 d - 2 scrolls of teleportation {unknown}
 f - a scroll of fog {unknown}
 i - a scroll of immolation {unknown}
 l - a scroll of acquirement {unknown}
 n - 4 scrolls of identify {unknown}
 t - a scroll of fear {unknown}
 v - a scroll of brand weapon {unknown}
 A - a scroll of noise {unknown}
Potions
 e - a potion of brilliance {unknown}
 g - a potion of heal wounds {unknown}
 j - a potion of haste {unknown}
 o - 3 potions of attraction {unknown}
 p - a potion of berserk rage {unknown}
 q - a potion of might {unknown}
 z - a potion of mutation {unknown}
 C - a potion of curing {unknown}
 D - a potion of lignification {unknown}


   Skills:
 + Level 1.7 Fighting
 + Level 4.2 Maces & Flails
 + Level 0.8 Throwing
 + Level 3.2 Armour
 + Level 3.5 Dodging
 + Level 2.6 Stealth
 - Level 3.3 Spellcasting


You couldn't memorise any spells.
You knew the following spells:

 Your Spells              Type           Power      Damage    Failure   Level
a - Foxfire               Conj/Fire      60%        2x1d7     12%         1
b - Conjure Flame         Conj/Fire      15%        6-21      34%         3
c - Inner Flame           Hex/Fire       15%        N/A       34%         3
d - Sticky Flame          Conj/Fire      15%        2d4       75%         4
e - Fireball              Conj/Fire      7%         3d5       97%         5
f - Summon Small Mammal   Summ           60%        N/A       12%         1
g - Static Discharge      Conj/Air       15%        N/A       17%         2
h - Ozocubu's Armour      Ice            15%        N/A       34%         3
Your spell library was empty.

Dungeon Overview and Level Annotations

Branches:
Dungeon (5/15)
 Temple: D:4-7

Altars:
Trog

Annotations:
D:3 2 transporters, sasquatch's ghost, weakling DsBe


Innate Abilities, Weirdness & Mutations

You are immune to sickness and miasma.
You are immune to poison.
Your flesh is very heat resistant. (rF++)
You are vulnerable to cold. (rC-)
You float through the air rather than walking.
You learn spells naturally, not from books.
Your magical power is your life essence.
You have superior vitality. (+4 HP)


Message History

You feel the effects of Trog's Hand fading.
The yak gores you but does no damage.
You hit the yak but do no damage.
The yak is almost dead.
The yak gores you but does no damage.
You sock the yak!
You kill the yak!
Trog accepts your kill.
You are no longer berserk.
You are exhausted.
You feel yourself slow down.
Your Maces & Flails skill increases to level 4!
You have reached level 8!
You feel agile.
You closely miss the yak. The yak barely misses you. The yak gores you!
You hear a distant slurping noise.
You hit the yak.
The yak is lightly wounded.
The yak barely misses you. The yak closely misses you.
You hit the yak.
The yak is lightly wounded.
Your skin stops crawling.
You feel less strong-willed. The yak gores you. x2
You hit the yak.
The yak is lightly wounded.
The yak misses you.
You are too injured to fight recklessly!
Throw: 3 darts (poison)
Press: ? - help, Q - select action, (/) - cycle Shift-Dir - straight line, f - yak
Aim: a yak (lightly wounded, 72% to hit)
You throw a poisoned dart. The poisoned dart hits the yak.
The yak is poisoned.
The yak is lightly wounded.
The yak closely misses you. The yak gores you!
* * * LOW HITPOINT WARNING * * *
You barely miss the yak.
The yak is lightly wounded.
The yak gores you!
* * * LOW HITPOINT WARNING * * *
The yak gores you!
You die...

...
#..
#.#
...
#.#
#.#
#.#
#@#
#Y#
#Y#
#Y#
#(#
#(#
#(#
#.#


You could see 3 yaks.

Vanquished Creatures
  3 yaks (D:5)
  A black bear (D:4)
  A jelly (D:4)
  2 orc priests (D:4)
  3 gnolls (D:2)
  4 adders
  An ufetubus (D:3)
  A worm (D:3)
  5 dart slugs
  6 orcs (D:4)
  6 endoplasms
  3 goblins
  4 hobgoblins
  7 jackals
  A quokka (D:1)
  6 ball pythons
  4 bats
  2 frilled lizards
  6 kobolds
  8 rats
74 creatures vanquished.

Vanquished Creatures (others)
  72 foxfires
  2 fungi (D:1)
74 creatures vanquished.

Grand Total: 148 creatures vanquished

Notes
Turn   | Place    | Note
-------+----------+-------------------------------------------
     0 | D:1      | snetch the Djinni Fire Elementalist began the quest for the
                  | Orb.
     0 | D:1      | Reached XP level 1. HP: 15/15 MP: 0/0
   194 | D:2      | Reached XP level 2. HP: 13/21 MP: 0/0
   264 | D:2      | Reached XP level 3. HP: 10/25 MP: 0/0
   264 | D:2      | Learned a level 1 spell: Summon Small Mammal
   983 | D:1      | Reached XP level 4. HP: 25/31 MP: 0/0
  1179 | D:1      | Found a faded altar of an unknown god.
  1197 | D:1      | Became a worshipper of Trog the Wrathful
  1197 | D:1      | Reached * piety under Trog
  2142 | D:3      | Found a transporter.
  2144 | D:3      | Found a transporter.
  2145 | D:3      | Noticed sasquatch's ghost (weakling DsBe)
  2146 | D:3      | Noticed a phantom
  2669 | D:3      | Reached XP level 5. HP: 34/36 MP: 0/0
  2669 | D:3      | Learned a level 2 spell: Static Discharge
  2853 | D:3      | Reached skill level 1 in Armour
  2855 | D:3      | Reached ** piety under Trog
  3010 | D:4      | Reached skill level 1 in Maces & Flails
  3076 | D:4      | Reached skill level 2 in Maces & Flails
  3113 | D:5      | Entered Level 5 of the Dungeon
  3178 | D:4      | Reached XP level 6. HP: 35/41 MP: 0/0
  3182 | D:4      | Noticed a black bear
  3194 | D:4      | Killed a black bear
  3540 | D:4      | Reached skill level 1 in Fighting
  3759 | D:5      | Noticed a yak
  3759 | D:5      | Noticed a yak
  3759 | D:5      | Noticed a yak
  3765 | D:5      | Noticed a yak
  3767 | D:5      | Noticed a yak
  3768 | D:5      | Noticed a yak
  3771 | D:5      | Killed a yak
  3772 | D:5      | Reached skill level 3 in Maces & Flails
  3772 | D:5      | Reached XP level 7. HP: 33/47 MP: 0/0
  3772 | D:5      | Learned a level 3 spell: Ozocubu's Armour
  3778 | D:5      | Killed a yak
  3786 | D:5      | Killed a yak
  3787 | D:5      | Reached skill level 4 in Maces & Flails
  3787 | D:5      | Reached XP level 8. HP: 32/53 MP: 0/0
  3792 | D:5      | Slain by a yak

Illustrated notes

Levels and vault maps discovered:
D:1:      dpeg_arrival_simpleton_a, layout_loops_cross,
          shapermc_ecumenical_altar_ellora, minmay_crystal_water,
          serial_park_tiny_2, st_stairs_10, serial_park_tiny_2
D:2:      layout_loops_cross
D:3:      layout_basic, gammafunk_ghost_mausoleum
D:4:      layout_loops_ring
D:5:      minmay_spotlight, layout_basic, serial_shops, kennysheep_little_box

Skill      XL: |  1  2  3  4  5  6  7 |
---------------+----------------------+-----
Spellcasting   | 3 |  3.3
Stealth        | 2 |  2.6
Armour         | 1 2 3 |  3.2
Maces & Flails | 2 3 4 |  4.2
Dodging        | 3 |  3.5
Fighting       | 1 |  1.7
Throwing       | |  0.8

Action                   |  1- 3 |  4- 6 |  7- 9 || total
-------------------------+-------+-------+-------++-------
Melee: Flail             |     2 |   201 |    20 ||   223
Throw: Stone             |       |     2 |       ||     2
       Dart              |       |     6 |     1 ||     7
 Cast: Foxfire           |    40 |     2 |       ||    42
Invok: Berserk           |       |     2 |       ||     2
       Trog's Hand       |       |     1 |       ||     1
 Stab: Sleeping          |     1 |     3 |       ||     4
       Distracted        |       |     2 |       ||     2
Armor: Leather armour    |     3 |    26 |       ||    29
       Ring mail         |       |    98 |     3 ||   101
Dodge: Dodged            |    13 |   124 |     9 ||   146
